Map: Backwater Complex

Players

drnavorious

  • Race: Terran Terran
  • Spawn Location: 6:00

CBagRun

  • Race: Zerg Zerg
  • Spawn Location: 3:00

Ecrotoss

  • Race: Protoss Protoss
  • Spawn Location: 12:00

HORSES

  • Race: Zerg Zerg
  • Spawn Location: 3:00

couchman

  • Race: Terran Terran
  • Spawn Location: 9:00

VOD

Have the link to the VOD?

Description

Time

  • Played on: Dec. 13, 2021, 10:51 p.m.
  • Length: 4:36
Show
View Real Time Build Order
Export as new Build Order

drnavorious Terran 

Build Orders:  

Get SALT Encoding   

  12  0:21  Refinery  
  12  0:45  Command Center  
  12  0:49  SCV  
  13  1:12  Supply Depot  
  13  1:37  Engineering Bay  
  13  1:48  Barracks  
  13  2:03  SCV  
  14  2:10  SCV  
  14  2:15  SCV  
  16  2:22  SCV  
  17  2:27  SCV  
  18  2:38  Barracks  
  18  2:39  Marine, SCV  
  20  2:51  SCV  
  20  2:53  Supply Depot  
  20  2:57  Marine  
  22  3:07  SCV  
  23  3:14  Marine  
  23  3:19  SCV  
  25  3:25  Supply Depot  
  25  3:31  Marine  
  25  3:32  Marine  
  27  3:49  Marine  
  27  3:50  Marine  
  27  3:52  Supply Depot  
  29  4:07  Marine  
  29  4:08  Marine  
  31  4:14  Supply Depot  
  31  4:20  Supply Depot  
Show
View Real Time Build Order
Export as new Build Order

CBagRun Zerg 

Build Orders: Pool First 

Get SALT Encoding   

  12  0:00  Drone  
  13  0:11  Drone  
  13  0:28  Spawning Pool  
  9  1:05  Drone  
  10  1:15  Zergling x2  
  10  1:16  Zergling x2  
  12  1:21  Zergling x2  
  13  1:28  Zergling x2  
  14  1:57  Overlord x2  
  11  2:46  Zergling x6  
  13  2:54  Queen  
  15  3:02  Zergling x2  
  15  3:20  Zergling x2  
  15  3:21  Zergling x2  
  18  3:34  Zergling x2  
  18  4:04  Hatchery  
Show
View Real Time Build Order
Export as new Build Order

Ecrotoss Protoss 

Build Orders:  

Get SALT Encoding   

  12  0:02  Probe  
  13  0:14  Probe  
  14  0:26  Probe  
  15  0:30  Pylon  
  15  0:35  Assimilator  
  15  0:49  Gateway  
  15  0:54  Probe (Chrono Boost)  
  16  1:06  Probe (Chrono Boost)  
  16  1:07  Forge  
  17  1:12  Probe (Chrono Boost)  
  18  1:22  Probe  
  19  1:34  Probe  
  20  1:40  Pylon  
  20  1:49  Pylon  
  20  2:00  Photon Cannon  
  20  2:02  Photon Cannon  
  20  2:05  Photon Cannon  
  20  2:17  Zealot  
  21  2:44  Zealot (Chrono Boost)  
  21  2:47  Nexus  
  23  3:08  Zealot (Chrono Boost)  
  23  3:12  Pylon  
  25  3:20  Cybernetics Core  
  25  3:28  Zealot  
Show
View Real Time Build Order
Export as new Build Order

HORSES Zerg 

Build Orders: Pool Only 

Get SALT Encoding   

  11  0:54  Drone x3  
  14  1:06  Overlord  
  14  1:28  Drone x2  
  16  1:36  Spawning Pool  
  5  2:23  Zergling x2  
  5  2:24  Zergling x4  
  7  2:59  Drone x2  
Show
View Real Time Build Order
Export as new Build Order

couchman Terran 

Build Orders:  

Get SALT Encoding   

  12  0:00  SCV  
  13  0:12  SCV  
  14  0:26  SCV  
  14  0:34  Supply Depot  
  14  0:38  SCV  
  15  0:55  SCV  
  15  0:56  Supply Depot  
  16  1:07  SCV  
  17  1:18  Supply Depot  
  17  1:19  SCV  
  17  1:23  Barracks  
  18  1:32  SCV  
  19  1:43  Supply Depot x2  
  19  2:00  Supply Depot  
  19  2:06  SCV  
  20  2:18  SCV  
  21  2:24  Supply Depot  
  20  2:34  Marine  
  19  2:42  Barracks  
  19  2:45  Barracks  
  19  2:48  SCV  
  20  2:52  Marine  
  21  3:01  SCV  
  21  3:04  Command Center  
  22  3:10  Marine  
  23  3:20  Supply Depot  
  23  3:27  Supply Depot  
  21  3:42  Marine, SCV  
  21  3:43  Supply Depot  
  23  3:50  Marine x2, Supply Depot  
  16  4:28  Supply Depot  
Tags
 
Add a new tag
Caveats
  • Supply blocks, unpowered buildings, or Contaminate may cause inaccurate times.
  • Supply counts are checked every 10 seconds.